 Dungeon Crawl Stone Soup version 0.27-a0-797-g27d10ad80f (webtiles) character file.

Game seed: 18172194960031473640

69 polve the Slasher (level 4, 0/35 HPs)
             Began as a Demonspawn Abyssal Knight on Mar 27, 2021.
             Was a Follower of Lugonu.
             Slain by an orc wizard
             ... wielding a +0 dagger
              (2 damage)
             ... on level 3 of the Dungeon.
             The game lasted 00:02:33 (2268 turns).

polve the Slasher (Demonspawn Abyssal Knight)       Turns: 2268, Time: 00:02:34

Health: 0/35       AC:  6    Str: 13      XL:     4   Next: 2%
Magic:  5/5        EV:  9    Int: 12 (14) God:    Lugonu [*.....]
Gold:   62         SH:  0    Dex: 10 (12) Spells: 3/3 levels left

rFire    . . .     SeeInvis .   a - +1 falchion
rCold    . . .     Faith    .   (no shield)
rNeg     . . .     Spirit   .   d - +0 scale mail
rPois    .         Reflect  .   (no helmet)
rElec    .         Harm     .   (no cloak)
rCorr    .         Rampage  .   (no gloves)
Will     .....                  (no boots)
Stlth    ..........             (no amulet)
HPRegen  0.11/turn              (no ring)
MPRegen  0.09/turn              (no ring)

@: about to teleport
A: claws 1
a: Renounce Religion, Depart the Abyss


You were on level 3 of the Dungeon.
You worshipped Lugonu.
Lugonu was aware of your devotion.
You visited 1 branch of the dungeon, and saw 3 of its levels.
You visited the Abyss 1 time.

You collected 62 gold pieces.

Inventory:

Hand Weapons
 a - a +1 falchion (weapon)
Armour
 b - a +0 leather armour
 d - a +0 scale mail (worn)
Wands
 c - a wand of polymorph (6)
 g - a wand of iceblast (7)
Scrolls
 e - a scroll of noise {unknown}
 f - a scroll of teleportation
 i - a scroll of magic mapping {unknown}


   Skills:
 - Level 3.0 Fighting
 + Level 4.0 Long Blades
 - Level 1.7 Armour
 - Level 0.8 Dodging
 - Level 2.4 Invocations


You had 3 spell levels left.
You didn't know any spells.
Your spell library contained the following spells:

 Spells                   Type           Power      Damage    Failure   Level
 Confusing Touch          Hex            0%         N/A       99%         3
 Gell's Gravitas          Tloc           0%         N/A       99%         3
 Portal Projectile        Hex/Tloc       0%         N/A       99%         3
 Passage of Golubria      Tloc           N/A        N/A       100%        4
 Petrify                  Tmut/Erth      0%         N/A       100%        4
 Manifold Assault         Tloc           0%         N/A       100%        5
 Metabolic Englaciation   Hex/Ice        0%         N/A       100%        5
 Yara's Violent Unravell  Hex/Tmut       0%         3d3       100%        5
 Dispersal                Tloc           0%         N/A       100%        6
 Disjunction              Tloc           0%         N/A       100%        8


Dungeon Overview and Level Annotations

Branches:
Dungeon (3/15)

Altars:


Innate Abilities, Weirdness & Mutations

You have sharp fingernails.


Message History

You hit the orc but do no damage.
The orc is lightly wounded.
The orc hits you with a +2 flail of protection.
The orc completely misses you.
You barely miss the orc.
The orc is lightly wounded.
The orc hits you with a +2 flail of protection.
You hit the orc.
The orc is severely wounded.
The orc barely misses you.
You hit the orc but do no damage.
The orc is severely wounded.
The orc hits you but does no damage.
You barely miss the orc.
The orc is severely wounded.
The orc hits you with a +2 flail of protection.
You hit the orc.
You kill the orc!
Lugonu accepts your kill.
Your Long Blades skill increases to level 4!
You have reached level 4!
You feel stronger.
You hit something. Something hits you but does no damage.
You miss something. Something hits you. Something hits you but does no damage.
You miss something. Something hits you.
You closely miss something. Something hits you.
You hit something.
You hear some strange, mumbled words.
A puff of flame appears from out of thin air!
The puff of flame hits you!
* * * LOW HITPOINT WARNING * * *
You closely miss something. Something hits you but does no damage.
You closely miss something. Something hits you but does no damage.
You aren't carrying any potions.
As you read the scroll labelled SAKEUWIMMAO, it crumbles to dust.
You feel strangely unstable.
It was a scroll of teleportation.
An orc wizard appears from thin air!
Reactivating autopickup.
The orc wizard hits you with a +0 dagger.
You die...

#.#.....###
#.........#
#.......#.# #
#......##.#####...#
......#....o.g......
###......##.#.o.o...#
#..##.###.#.###...#
#.###.###.#.# #.#
#.....@ooo#.# #
#####.#####.# #. #.#
#. #.# #. #. .. ##


You could see an orc wizard and 2 orcs.

Vanquished Creatures
  2 adders (D:3)
  A white imp (Abyss:2)
  An orc (D:3)
  2 bats (D:1)
  An endoplasm (D:3)
  A giant cockroach (D:1)
  8 hobgoblins
  3 jackals (D:1)
  3 quokkas
  4 ball pythons (D:1)
  5 frilled lizards (D:1)
  7 goblins
  A kobold (D:1)
  3 rats
42 creatures vanquished.

Notes
Turn   | Place    | Note
-------+----------+-------------------------------------------
     0 | Abyss:1  | polve the Demonspawn Abyssal Knight began the quest for the
                  | Orb.
     0 | Abyss:1  | Reached XP level 1. HP: 18/18 MP: 2/2
    16 | Abyss:1  | Found a corrupted altar of Lugonu.
    70 | Abyss:1  | Noticed a quasit
    99 | Abyss:1  | Noticed an iron dragon zombie
   152 | Abyss:2  | Reached skill level 2 in Long Blades
   205 | Abyss:2  | Noticed a neqoxec
   246 | Abyss:2  | Noticed a smoke demon
   276 | Abyss:2  | Noticed a small abomination
   276 | Abyss:2  | Noticed a tentacled starspawn
   277 | D:1      | Escaped the Abyss
   325 | D:1      | Gained mutation: You have sharp fingernails. [demonic
                  | ancestry]
   325 | D:1      | Reached XP level 2. HP: 14/24 MP: 3/3
   661 | D:1      | Reached * piety under Lugonu
   662 | D:1      | Reached skill level 3 in Long Blades
   771 | D:1      | Reached XP level 3. HP: 22/29 MP: 4/4
  2261 | D:3      | Reached skill level 4 in Long Blades
  2261 | D:3      | Reached XP level 4. HP: 14/35 MP: 5/5
  2268 | D:3      | Slain by an orc wizard

Illustrated notes

Levels and vault maps discovered:
D:1:      eino_arrival_tree_alley, layout_rooms
D:2:      layout_loops_ring
D:3:      layout_loops_corners, lightli_corner_chamber

Skill      XL: |  1  2  3 |
---------------+----------+-----
Long Blades    | 2 3 4 |  4.0
Fighting       | |  3.0
Armour         | |  1.7
Dodging        | |  0.8
Invocations    | |  2.4

Action                   |  1- 3 |  4- 6 || total
-------------------------+-------+-------++-------
Melee: Falchion          |   136 |     7 ||   143
Invok: Depart the Abyss  |     1 |       ||     1
  Use: Potion            |     7 |       ||     7
       Scroll            |       |     1 ||     1
Armor: Scale mail        |    75 |     4 ||    79
Dodge: Dodged            |    63 |       ||    63
       Rpst.: Falchion   |    27 |       ||    27

Table legend: (Time is in decaauts)
 A = Elapsed time spent in this place.
 B = Non-inter-level travel time spent in this place.
 C = Inter-level travel time spent in this place.
 D = Time resting spent in this place.
 E = Time spent auto-exploring this place.
 F = Levels seen in this place.
 G = Mean time per level.
                   A        B        C        D        E       F      G
               +--------+--------+--------+--------+--------+-----+--------+
         Total |   2287 |   2249 |     38 |      1 |   1887 |   5 |  457.4 |
       Dungeon |   2002 |   1964 |     38 |      1 |   1694 |   3 |  667.3 |
         Abyss |    285 |    285 |      0 |      0 |    193 |   2 |  142.5 |
               +--------+--------+--------+--------+--------+-----+--------+

Top non-repeatable levels by time:
     D:1: 920 daAuts
     D:2: 654 daAuts
     D:3: 427 daAuts
 Abyss:2: 172 daAuts
 Abyss:1: 113 daAuts
